[ PARTIDA AOE2 · #469487160 ]
UnrankedEspañoles vs Koreans
[ ANÁLISIS DE REPETICIÓN · EXTRAÍDO DE LA PARTIDA GRABADA ]
Feudal
15:51
Castillos
19:57
Imperial
34:33
| APM promedio | 26.5 |
| APM pico | 45 |
| eAPM promedio | 16.5 |
| Aldeanos / militares | 138 / 168 |
Foco
⚔️ 28.6% · 🌾 71.4%
Knight ×112 · Scout Cavalry ×44 · Conquistador ×9 · Trebuchet (Packed) ×3
Feudal
13:55
Castillos
19:37
Imperial
36:41
| APM promedio | 17.4 |
| APM pico | 37 |
| eAPM promedio | 12.4 |
| Aldeanos / militares | 104 / 112 |
Foco
⚔️ 23.3% · 🌾 76.7%
Cavalry Archer ×62 · Scout Cavalry ×40 · Bombard Cannon ×6 · Trebuchet (Packed) ×2 · Monk ×1 · Mangonel ×1
Feudal
14:56
Castillos
28:12
Imperial
39:48
| APM promedio | 34.3 |
| APM pico | 71 |
| eAPM promedio | 16.8 |
| Aldeanos / militares | 121 / 121 |
Foco
⚔️ 26.3% · 🌾 73.7%
Archer ×112 · Battering Ram ×8 · Monk ×1
Feudal
15:21
Castillos
19:01
Imperial
41:54
| APM promedio | 23.3 |
| APM pico | 51 |
| eAPM promedio | 13.1 |
| Aldeanos / militares | 157 / 83 |
Foco
⚔️ 17.0% · 🌾 83.0%
Leitis ×82 · Monk ×1
Feudal
—
Castillos
—
Imperial
—
| APM promedio | 1886.7 |
| APM pico | 19851 |
| eAPM promedio | 1886.2 |
| Aldeanos / militares | 0 / 1 |
Foco
⚔️ 79.7% · 🌾 20.3%
Skirmisher ×1
Feudal
—
Castillos
—
Imperial
—
| APM promedio | 1635.2 |
| APM pico | 12730 |
| eAPM promedio | 1635.0 |
| Aldeanos / militares | 0 / 123 |
Foco
⚔️ 96.8% · 🌾 3.2%
Spearman ×68 · Knight ×24 · Archer ×13 · Monk ×6 · Battering Ram ×5 · Skirmisher ×4
Feudal
—
Castillos
—
Imperial
—
| APM promedio | 1754.6 |
| APM pico | 14018 |
| eAPM promedio | 1754.0 |
| Aldeanos / militares | 0 / 48 |
Foco
⚔️ 95.3% · 🌾 4.7%
Skirmisher ×19 · Archer ×16 · Monk ×6 · Longbowman ×5 · Spearman ×2
Feudal
—
Castillos
—
Imperial
—
| APM promedio | 1493.4 |
| APM pico | 9558 |
| eAPM promedio | 1492.9 |
| Aldeanos / militares | 0 / 52 |
Foco
⚔️ 72.2% · 🌾 27.8%
Knight ×18 · Skirmisher ×11 · Scout Cavalry ×10 · Monk ×6 · Spearman ×5 · Mangonel ×2
Mapa de la partida
Recursos iniciales + cada clic de construcción. Líneas = muros · curvas = relieve. ◆ oro · ⬟ piedra · ● bayas · ✦ reliquia · ◌ hueco del cierre
Tu base· Abierta — hueco de 9t
Base de Nicolas· Abierta — flanco sin cerrar
Base de [VN] CopyPuxxyCat· Abierta — hueco de 12t
Base de xxxx· Abierta — flanco sin cerrar
Base de · Abierta — hueco de 8t
Base de · Abierta — hueco de 6t
Base de · Abierta — flanco sin cerrar
Base de · Abierta — hueco de 3t
Terreno inicial suavizado · ◌ = hueco del cierre detectado · pasá el cursor para detalles
Inputs por minuto
— Windy - - Nicolas
Build order — Windy
Primeras 150 de 434 acciones detectadas
| 1:00 | Construir | Town Center |
| 1:37 | Construir | House |
| 3:07 | Crear | Villager (Male) |
| 3:08 | Crear | Villager (Male) |
| 3:08 | Crear | Villager (Male) |
| 3:19 | Crear | Villager (Male) |
| 3:19 | Crear | Villager (Male) |
| 4:29 | Crear | Villager (Male) |
| 5:08 | Crear | Villager (Male) |
| 5:08 | Crear | Villager (Male) |
| 5:16 | Construir | House |
| 5:17 | Construir | House |
| 5:42 | Crear | Villager (Male) |
| 5:42 | Crear | Villager (Male) |
| 5:57 | Crear | Villager (Male) |
| 6:00 | Construir | Mill |
| 6:32 | Crear | Villager (Male) |
| 6:32 | Crear | Villager (Male) |
| 6:33 | Crear | Villager (Male) |
| 7:08 | Investigar | Loom |
| 7:09 | Crear | Villager (Male) |
| 7:23 | Crear | Villager (Male) |
| 7:24 | Crear | Villager (Male) |
| 7:50 | Crear | Villager (Male) |
| 7:50 | Crear | Villager (Male) |
| 8:03 | Crear | Villager (Male) |
| 8:15 | Construir | Lumber Camp |
| 9:11 | Construir | House |
| 9:51 | Construir | Mill |
| 9:54 | Crear | Villager (Male) |
| 10:06 | Crear | Villager (Male) |
| 10:13 | Crear | Villager (Male) |
| 10:34 | Crear | Villager (Male) |
| 10:55 | Construir | Mining Camp |
| 11:12 | Crear | Villager (Male) |
| 11:24 | Construir | House |
| 12:01 | Crear | Villager (Male) |
| 12:14 | Construir | Farm |
| 12:17 | Construir | Farm |
| 12:22 | Construir | Farm |
| 12:24 | Crear | Villager (Male) |
| 12:45 | Crear | Villager (Male) |
| 12:45 | Crear | Villager (Male) |
| 13:04 | Construir | Mining Camp |
| 13:10 | Crear | Villager (Male) |
| 13:17 | Investigar | Feudal Age |
| 13:30 | Construir | Farm |
| 13:42 | Construir | Farm |
| 14:31 | Crear | Villager (Male) |
| 14:31 | Crear | Villager (Male) |
| 14:58 | Construir | House |
| 15:09 | Construir | Farm |
| 15:51 | Edad | Edad Feudal |
| 15:57 | Construir | Market |
| 16:00 | Construir | Blacksmith |
| 17:17 | Investigar | Castle Age |
| 17:34 | Crear | Villager (Male) |
| 18:21 | Construir | Palisade Wall |
| 18:35 | Investigar | Double-Bit Axe |
| 19:00 | Investigar | Horse Collar |
| 19:53 | Investigar | Gold Mining |
| 19:57 | Edad | Edad de los Castillos |
| 20:09 | Construir | Castle |
| 20:15 | Investigar | Bow Saw |
| 20:17 | Crear | Villager (Male) |
| 20:18 | Crear | Villager (Male) |
| 20:38 | Crear | Villager (Male) |
| 21:04 | Construir | Town Center |
| 21:06 | Crear | Villager (Male) |
| 21:18 | Construir | Lumber Camp |
| 21:23 | Construir | Farm |
| 21:26 | Construir | Farm |
| 21:27 | Crear | Villager (Male) |
| 21:39 | Construir | Farm |
| 21:42 | Construir | Farm |
| 21:52 | Crear | Conquistador |
| 22:02 | Crear | Villager (Male) |
| 22:13 | Crear | Conquistador |
| 22:21 | Construir | Farm |
| 22:23 | Construir | Farm |
| 22:24 | Construir | Farm |
| 22:33 | Crear | Villager (Male) |
| 22:36 | Construir | Farm |
| 22:36 | Construir | Farm |
| 22:37 | Construir | Farm |
| 22:39 | Construir | Farm |
| 22:49 | Crear | Conquistador |
| 22:52 | Crear | Villager (Male) |
| 23:00 | Crear | Villager (Male) |
| 23:19 | Crear | Conquistador |
| 23:19 | Crear | Conquistador |
| 23:25 | Construir | Farm |
| 23:30 | Construir | Farm |
| 23:31 | Construir | Farm |
| 23:34 | Crear | Villager (Male) |
| 23:47 | Crear | Villager (Male) |
| 23:47 | Crear | Villager (Male) |
| 23:58 | Crear | Villager (Male) |
| 23:58 | Crear | Villager (Male) |
| 24:11 | Crear | Villager (Male) |
| 24:12 | Crear | Villager (Male) |
| 24:16 | Construir | Farm |
| 24:24 | Crear | Villager (Male) |
| 24:43 | Construir | Town Center |
| 24:45 | Crear | Villager (Male) |
| 24:45 | Crear | Villager (Male) |
| 24:56 | Construir | Farm |
| 25:01 | Construir | Farm |
| 25:06 | Construir | Farm |
| 25:09 | Crear | Villager (Male) |
| 25:10 | Crear | Villager (Male) |
| 25:18 | Crear | Villager (Male) |
| 25:23 | Construir | Barracks |
| 25:27 | Construir | Farm |
| 25:28 | Construir | Farm |
| 25:29 | Crear | Villager (Male) |
| 25:39 | Investigar | Wheelbarrow |
| 25:39 | Investigar | Wheelbarrow |
| 26:01 | Construir | Farm |
| 26:19 | Crear | Villager (Male) |
| 26:24 | Crear | Conquistador |
| 26:25 | Crear | Conquistador |
| 26:30 | Crear | Villager (Male) |
| 26:44 | Construir | Stable |
| 26:45 | Crear | Villager (Male) |
| 26:54 | Crear | Villager (Male) |
| 26:58 | Crear | Villager (Male) |
| 27:00 | Construir | Farm |
| 27:05 | Construir | Farm |
| 27:06 | Construir | Farm |
| 27:07 | Construir | Farm |
| 27:08 | Construir | Farm |
| 27:09 | Construir | Farm |
| 27:11 | Crear | Villager (Male) |
| 27:17 | Crear | Villager (Male) |
| 27:30 | Crear | Villager (Male) |
| 27:46 | Crear | Villager (Male) |
| 27:46 | Crear | Villager (Male) |
| 27:55 | Construir | House |
| 27:55 | Construir | House |
| 27:56 | Construir | House |
| 27:56 | Construir | House |
| 27:56 | Construir | House |
| 27:56 | Construir | House |
| 27:56 | Construir | House |
| 27:57 | Construir | House |
| 28:05 | Crear | Villager (Male) |
| 28:05 | Crear | Villager (Male) |
| 28:11 | Construir | Farm |
| 28:15 | Construir | Farm |
Build order — Nicolas
Primeras 150 de 294 acciones detectadas
| 1:09 | Construir | Town Center |
| 3:12 | Crear | Villager (Male) |
| 3:12 | Crear | Villager (Male) |
| 3:13 | Crear | Villager (Male) |
| 3:23 | Construir | House |
| 3:31 | Investigar | Loom |
| 3:34 | Crear | Villager (Male) |
| 3:34 | Crear | Villager (Male) |
| 3:34 | Crear | Villager (Male) |
| 4:02 | Construir | House |
| 4:33 | Crear | Villager (Male) |
| 5:35 | Crear | Villager (Male) |
| 5:54 | Crear | Villager (Male) |
| 6:45 | Crear | Villager (Male) |
| 6:50 | Crear | Villager (Male) |
| 6:53 | Construir | Lumber Camp |
| 7:04 | Crear | Villager (Male) |
| 7:31 | Crear | Villager (Male) |
| 7:44 | Crear | Villager (Male) |
| 8:05 | Construir | House |
| 8:23 | Crear | Villager (Male) |
| 8:32 | Construir | House |
| 8:55 | Crear | Villager (Male) |
| 9:09 | Crear | Villager (Male) |
| 9:30 | Crear | Villager (Male) |
| 9:49 | Crear | Villager (Male) |
| 10:01 | Crear | Villager (Male) |
| 10:44 | Crear | Villager (Male) |
| 10:57 | Construir | Mill |
| 11:00 | Crear | Villager (Male) |
| 11:41 | Investigar | Feudal Age |
| 12:02 | Construir | Farm |
| 12:40 | Construir | Farm |
| 12:46 | Construir | Farm |
| 13:55 | Edad | Edad Feudal |
| 13:56 | Crear | Villager (Male) |
| 14:04 | Construir | Market |
| 14:10 | Crear | Villager (Male) |
| 14:29 | Construir | Blacksmith |
| 14:36 | Construir | House |
| 14:38 | Crear | Villager (Male) |
| 14:46 | Construir | Farm |
| 14:52 | Construir | Farm |
| 14:53 | Crear | Villager (Male) |
| 15:16 | Crear | Villager (Male) |
| 15:18 | Construir | Farm |
| 15:32 | Construir | Farm |
| 15:35 | Crear | Villager (Male) |
| 15:47 | Construir | Farm |
| 15:57 | Construir | House |
| 16:26 | Construir | Mining Camp |
| 16:57 | Investigar | Castle Age |
| 17:41 | Investigar | Double-Bit Axe |
| 18:34 | Investigar | Stone Mining |
| 18:59 | Crear | Villager (Male) |
| 19:11 | Investigar | Horse Collar |
| 19:37 | Edad | Edad de los Castillos |
| 19:47 | Construir | Town Center |
| 19:58 | Construir | Town Center |
| 20:05 | Crear | Villager (Male) |
| 20:16 | Crear | Villager (Male) |
| 20:40 | Crear | Villager (Male) |
| 21:01 | Crear | Villager (Male) |
| 21:07 | Construir | Farm |
| 21:21 | Crear | Villager (Male) |
| 21:27 | Construir | Farm |
| 21:29 | Construir | Farm |
| 21:33 | Construir | Farm |
| 21:36 | Crear | Villager (Male) |
| 21:40 | Crear | Villager (Male) |
| 21:48 | Crear | Villager (Male) |
| 22:02 | Crear | Villager (Male) |
| 22:09 | Construir | Farm |
| 22:16 | Construir | Barracks |
| 22:18 | Crear | Villager (Male) |
| 22:25 | Construir | Farm |
| 22:36 | Crear | Villager (Male) |
| 22:50 | Construir | Farm |
| 22:51 | Construir | Farm |
| 22:54 | Construir | Farm |
| 22:56 | Construir | Farm |
| 23:08 | Crear | Villager (Male) |
| 23:10 | Crear | Villager (Male) |
| 23:23 | Construir | Archery Range |
| 23:36 | Crear | Villager (Male) |
| 23:38 | Crear | Villager (Male) |
| 23:44 | Construir | Archery Range |
| 23:50 | Crear | Villager (Male) |
| 23:57 | Crear | Villager (Male) |
| 23:58 | Crear | Villager (Male) |
| 24:09 | Construir | House |
| 24:10 | Construir | House |
| 24:11 | Construir | House |
| 24:32 | Crear | Villager (Male) |
| 24:37 | Crear | Villager (Male) |
| 24:56 | Construir | Castle |
| 25:08 | Construir | Farm |
| 25:14 | Construir | Farm |
| 25:18 | Construir | Farm |
| 25:21 | Construir | Farm |
| 25:28 | Investigar | Fletching |
| 25:32 | Construir | House |
| 25:40 | Construir | Farm |
| 25:48 | Crear | Villager (Male) |
| 25:51 | Investigar | Wheelbarrow |
| 25:58 | Crear | Villager (Male) |
| 25:58 | Crear | Villager (Male) |
| 26:09 | Construir | Farm |
| 26:13 | Crear | Villager (Male) |
| 26:18 | Crear | Villager (Male) |
| 26:21 | Construir | Farm |
| 26:29 | Construir | Lumber Camp |
| 26:42 | Investigar | Bodkin Arrow |
| 26:44 | Crear | Villager (Male) |
| 26:45 | Crear | Villager (Male) |
| 26:57 | Construir | Lumber Camp |
| 27:04 | Crear | Villager (Male) |
| 27:05 | Crear | Villager (Male) |
| 27:15 | Crear | Villager (Male) |
| 27:20 | Crear | Villager (Male) |
| 27:25 | Construir | Farm |
| 27:30 | Construir | Mining Camp |
| 27:42 | Crear | Villager (Male) |
| 27:43 | Crear | Villager (Male) |
| 27:50 | Construir | Farm |
| 27:51 | Construir | Farm |
| 27:55 | Crear | Villager (Male) |
| 28:01 | Investigar | Bow Saw |
| 28:14 | Crear | Villager (Male) |
| 28:20 | Construir | Farm |
| 28:26 | Construir | Lumber Camp |
| 28:31 | Crear | Villager (Male) |
| 28:34 | Crear | Villager (Male) |
| 28:45 | Crear | Villager (Male) |
| 28:49 | Investigar | Hand Cart |
| 29:00 | Construir | Lumber Camp |
| 29:08 | Investigar | Padded Archer Armor |
| 29:25 | Investigar | Scale Barding Armor |
| 29:27 | Crear | Villager (Male) |
| 29:28 | Crear | Villager (Male) |
| 29:29 | Crear | Villager (Male) |
| 29:53 | Investigar | Gold Mining |
| 29:58 | Crear | Villager (Male) |
| 29:59 | Crear | Villager (Male) |
| 30:01 | Construir | Farm |
| 30:12 | Construir | Siege Workshop |
| 30:24 | Construir | Farm |
| 30:28 | Crear | Villager (Male) |
| 30:29 | Crear | Villager (Male) |
| 30:33 | Construir | Farm |
Build order — [VN] CopyPuxxyCat
Primeras 150 de 338 acciones detectadas
| 0:35 | Construir | House |
| 0:38 | Construir | House |
| 1:07 | Construir | House |
| 1:08 | Construir | House |
| 1:19 | Construir | Town Center |
| 3:23 | Crear | Villager (Male) |
| 3:24 | Crear | Villager (Male) |
| 3:24 | Crear | Villager (Male) |
| 3:24 | Crear | Villager (Male) |
| 4:07 | Construir | Mill |
| 4:49 | Investigar | Loom |
| 5:38 | Crear | Villager (Male) |
| 5:38 | Crear | Villager (Male) |
| 6:08 | Crear | Villager (Male) |
| 6:09 | Crear | Villager (Male) |
| 6:54 | Crear | Villager (Male) |
| 7:40 | Crear | Villager (Male) |
| 7:41 | Crear | Villager (Male) |
| 8:41 | Crear | Villager (Male) |
| 8:49 | Construir | Farm |
| 9:00 | Crear | Villager (Male) |
| 9:00 | Crear | Villager (Male) |
| 9:01 | Crear | Villager (Male) |
| 9:01 | Crear | Villager (Male) |
| 9:17 | Construir | Farm |
| 9:46 | Construir | Farm |
| 9:49 | Crear | Villager (Male) |
| 9:50 | Crear | Villager (Male) |
| 10:28 | Crear | Villager (Male) |
| 10:28 | Crear | Villager (Male) |
| 10:29 | Crear | Villager (Male) |
| 11:02 | Crear | Villager (Male) |
| 12:09 | Construir | Mining Camp |
| 12:46 | Investigar | Feudal Age |
| 13:00 | Construir | Barracks |
| 13:04 | Construir | House |
| 13:13 | Construir | Farm |
| 14:05 | Construir | Lumber Camp |
| 14:37 | Crear | Villager (Male) |
| 14:37 | Crear | Villager (Male) |
| 14:56 | Edad | Edad Feudal |
| 15:04 | Investigar | Double-Bit Axe |
| 15:07 | Investigar | Horse Collar |
| 15:31 | Construir | Archery Range |
| 15:50 | Construir | Watch Tower |
| 15:56 | Crear | Villager (Male) |
| 15:56 | Crear | Villager (Male) |
| 16:02 | Construir | Farm |
| 16:08 | Construir | House |
| 16:09 | Construir | House |
| 16:11 | Construir | House |
| 16:25 | Crear | Villager (Male) |
| 16:25 | Crear | Villager (Male) |
| 16:32 | Construir | Farm |
| 16:36 | Construir | Farm |
| 16:39 | Crear | Archer |
| 16:39 | Crear | Archer |
| 16:39 | Crear | Archer |
| 17:10 | Crear | Archer |
| 17:16 | Construir | House |
| 17:26 | Construir | Blacksmith |
| 17:36 | Crear | Villager (Male) |
| 17:37 | Crear | Villager (Male) |
| 17:37 | Crear | Villager (Male) |
| 18:16 | Construir | Mining Camp |
| 18:22 | Crear | Villager (Male) |
| 18:22 | Crear | Villager (Male) |
| 18:26 | Construir | Farm |
| 19:12 | Construir | House |
| 20:03 | Crear | Villager (Male) |
| 20:03 | Crear | Villager (Male) |
| 20:03 | Crear | Villager (Male) |
| 20:05 | Crear | Villager (Male) |
| 20:08 | Construir | House |
| 20:10 | Construir | House |
| 20:12 | Crear | Archer |
| 20:12 | Crear | Archer |
| 20:13 | Crear | Archer |
| 20:52 | Construir | Watch Tower |
| 21:01 | Crear | Archer |
| 21:05 | Crear | Villager (Male) |
| 21:05 | Crear | Villager (Male) |
| 21:07 | Construir | Farm |
| 21:10 | Construir | Farm |
| 21:14 | Investigar | Fletching |
| 21:17 | Construir | House |
| 22:07 | Construir | Mining Camp |
| 22:11 | Crear | Villager (Male) |
| 22:12 | Crear | Villager (Male) |
| 22:12 | Crear | Villager (Male) |
| 22:14 | Construir | Farm |
| 22:16 | Construir | Farm |
| 22:18 | Construir | Farm |
| 22:24 | Crear | Archer |
| 22:24 | Crear | Archer |
| 23:01 | Construir | Farm |
| 23:07 | Construir | Farm |
| 23:11 | Construir | House |
| 23:12 | Construir | House |
| 23:17 | Construir | House |
| 23:22 | Crear | Villager (Male) |
| 23:23 | Crear | Villager (Male) |
| 23:23 | Crear | Villager (Male) |
| 24:44 | Crear | Villager (Male) |
| 24:51 | Construir | Mill |
| 24:54 | Construir | Farm |
| 24:55 | Construir | Farm |
| 24:57 | Construir | Farm |
| 24:58 | Construir | Farm |
| 25:01 | Construir | Farm |
| 25:32 | Investigar | Castle Age |
| 25:32 | Investigar | Castle Age |
| 25:38 | Construir | Farm |
| 25:42 | Construir | Farm |
| 25:54 | Construir | Lumber Camp |
| 26:00 | Crear | Archer |
| 26:00 | Crear | Archer |
| 26:00 | Crear | Archer |
| 26:00 | Crear | Archer |
| 26:05 | Investigar | Padded Archer Armor |
| 26:11 | Crear | Archer |
| 26:11 | Crear | Archer |
| 26:50 | Investigar | Stone Mining |
| 26:51 | Investigar | Gold Mining |
| 26:56 | Investigar | Gold Mining |
| 27:58 | Crear | Villager (Male) |
| 27:58 | Crear | Villager (Male) |
| 27:58 | Crear | Villager (Male) |
| 28:12 | Edad | Edad de los Castillos |
| 28:16 | Construir | Town Center |
| 28:34 | Investigar | Bow Saw |
| 28:36 | Investigar | Heavy Plow |
| 28:42 | Investigar | Bodkin Arrow |
| 28:44 | Investigar | Thumb Ring |
| 28:50 | Investigar | Crossbowman (upgrade) |
| 29:04 | Construir | Town Center |
| 29:16 | Construir | House |
| 29:23 | Crear | Villager (Male) |
| 29:24 | Crear | Villager (Male) |
| 29:24 | Crear | Villager (Male) |
| 29:24 | Crear | Villager (Male) |
| 29:31 | Construir | Monastery |
| 29:36 | Construir | University |
| 30:01 | Crear | Villager (Male) |
| 30:01 | Crear | Villager (Male) |
| 30:01 | Crear | Villager (Male) |
| 30:01 | Crear | Villager (Male) |
| 30:01 | Crear | Villager (Male) |
| 30:16 | Investigar | Thumb Ring |
| 30:47 | Crear | Monk |
Build order — xxxx
Primeras 150 de 335 acciones detectadas
| 1:22 | Construir | Town Center |
| 3:47 | Construir | House |
| 4:01 | Crear | Villager (Male) |
| 4:01 | Crear | Villager (Male) |
| 4:01 | Crear | Villager (Male) |
| 4:03 | Crear | Villager (Male) |
| 4:03 | Crear | Villager (Male) |
| 4:04 | Crear | Villager (Male) |
| 4:15 | Construir | House |
| 4:50 | Construir | House |
| 5:26 | Crear | Villager (Male) |
| 5:27 | Crear | Villager (Male) |
| 6:44 | Investigar | Loom |
| 6:45 | Crear | Villager (Male) |
| 7:08 | Construir | House |
| 7:27 | Crear | Villager (Male) |
| 7:27 | Crear | Villager (Male) |
| 7:27 | Crear | Villager (Male) |
| 7:28 | Crear | Villager (Male) |
| 7:56 | Crear | Villager (Male) |
| 7:56 | Crear | Villager (Male) |
| 7:57 | Crear | Villager (Male) |
| 8:09 | Crear | Villager (Male) |
| 8:09 | Crear | Villager (Male) |
| 8:10 | Crear | Villager (Male) |
| 8:10 | Crear | Villager (Male) |
| 9:08 | Crear | Villager (Male) |
| 9:08 | Crear | Villager (Male) |
| 9:58 | Crear | Villager (Male) |
| 9:59 | Crear | Villager (Male) |
| 11:00 | Construir | Mill |
| 11:12 | Crear | Villager (Male) |
| 11:12 | Crear | Villager (Male) |
| 11:12 | Crear | Villager (Male) |
| 11:20 | Construir | Lumber Camp |
| 11:46 | Crear | Villager (Male) |
| 12:56 | Investigar | Feudal Age |
| 14:25 | Crear | Villager (Male) |
| 14:25 | Crear | Villager (Male) |
| 14:26 | Crear | Villager (Male) |
| 14:54 | Construir | House |
| 15:21 | Edad | Edad Feudal |
| 15:33 | Construir | Market |
| 15:39 | Construir | Blacksmith |
| 16:21 | Investigar | Castle Age |
| 16:25 | Investigar | Double-Bit Axe |
| 16:53 | Construir | Mining Camp |
| 17:08 | Construir | Mill |
| 17:27 | Investigar | Stone Mining |
| 18:14 | Construir | House |
| 18:18 | Construir | House |
| 18:20 | Construir | House |
| 18:55 | Crear | Villager (Male) |
| 19:01 | Edad | Edad de los Castillos |
| 19:37 | Construir | Town Center |
| 19:45 | Crear | Villager (Male) |
| 19:46 | Crear | Villager (Male) |
| 19:46 | Crear | Villager (Male) |
| 19:46 | Crear | Villager (Male) |
| 20:55 | Crear | Villager (Male) |
| 20:56 | Crear | Villager (Male) |
| 21:16 | Crear | Villager (Male) |
| 21:17 | Crear | Villager (Male) |
| 21:45 | Crear | Villager (Male) |
| 21:45 | Crear | Villager (Male) |
| 22:37 | Construir | Castle |
| 22:43 | Crear | Villager (Male) |
| 22:43 | Crear | Villager (Male) |
| 22:43 | Crear | Villager (Male) |
| 23:05 | Crear | Villager (Male) |
| 23:05 | Crear | Villager (Male) |
| 23:12 | Crear | Villager (Male) |
| 23:12 | Crear | Villager (Male) |
| 23:15 | Construir | Farm |
| 23:15 | Construir | Farm |
| 23:15 | Construir | Farm |
| 23:32 | Construir | Mining Camp |
| 23:46 | Construir | House |
| 23:47 | Construir | House |
| 23:55 | Construir | Farm |
| 24:17 | Construir | Farm |
| 24:17 | Construir | Farm |
| 24:17 | Construir | Farm |
| 24:18 | Construir | Farm |
| 24:18 | Construir | Farm |
| 24:18 | Construir | Farm |
| 24:18 | Construir | Farm |
| 24:19 | Construir | Farm |
| 24:19 | Construir | Farm |
| 24:31 | Crear | Villager (Male) |
| 24:47 | Construir | Town Center |
| 24:51 | Crear | Villager (Male) |
| 25:02 | Construir | House |
| 25:03 | Construir | House |
| 25:06 | Construir | House |
| 25:17 | Crear | Villager (Male) |
| 25:29 | Crear | Villager (Male) |
| 25:30 | Crear | Villager (Male) |
| 25:59 | Construir | Monastery |
| 26:02 | Crear | Villager (Male) |
| 26:08 | Investigar | Bow Saw |
| 26:09 | Investigar | Bow Saw |
| 26:19 | Crear | Villager (Male) |
| 26:37 | Construir | Lumber Camp |
| 26:39 | Crear | Monk |
| 26:46 | Investigar | Scale Barding Armor |
| 26:53 | Crear | Villager (Male) |
| 26:54 | Crear | Villager (Male) |
| 26:54 | Crear | Villager (Male) |
| 26:54 | Crear | Villager (Male) |
| 27:08 | Construir | Lumber Camp |
| 27:15 | Crear | Villager (Male) |
| 27:15 | Crear | Villager (Male) |
| 27:16 | Crear | Villager (Male) |
| 27:43 | Crear | Villager (Male) |
| 27:43 | Crear | Villager (Male) |
| 27:44 | Crear | Villager (Male) |
| 27:44 | Crear | Villager (Male) |
| 27:49 | Crear | Villager (Male) |
| 27:59 | Construir | University |
| 28:08 | Crear | Leitis |
| 28:14 | Crear | Villager (Male) |
| 28:22 | Crear | Villager (Male) |
| 28:32 | Investigar | Horse Collar |
| 28:32 | Investigar | Horse Collar |
| 28:39 | Construir | Farm |
| 28:39 | Construir | Farm |
| 28:41 | Construir | Farm |
| 28:51 | Investigar | Treadmill Crane |
| 28:56 | Crear | Villager (Male) |
| 28:56 | Crear | Villager (Male) |
| 28:57 | Crear | Villager (Male) |
| 29:20 | Crear | Leitis |
| 29:21 | Crear | Leitis |
| 29:37 | Investigar | Fletching |
| 29:45 | Crear | Villager (Male) |
| 29:51 | Construir | Farm |
| 29:51 | Construir | Farm |
| 29:51 | Construir | Farm |
| 29:52 | Construir | Farm |
| 29:52 | Construir | Farm |
| 29:52 | Construir | Farm |
| 29:56 | Crear | Villager (Male) |
| 30:00 | Crear | Villager (Male) |
| 30:00 | Crear | Villager (Male) |
| 30:20 | Construir | Castle |
| 30:35 | Investigar | Ballistics |
| 30:49 | Crear | Leitis |
| 30:55 | Crear | Villager (Male) |
| 30:55 | Crear | Villager (Male) |
Build order —
54 acciones detectadas en el replay
| 0:03 | Construir | Town Center |
| 2:23 | Construir | House |
| 4:06 | Construir | Lumber Camp |
| 4:30 | Construir | House |
| 5:20 | Investigar | Tech None |
| 5:30 | Construir | Mill |
| 6:13 | Construir | Farm |
| 7:06 | Construir | House |
| 7:32 | Construir | Farm |
| 7:34 | Construir | Farm |
| 8:38 | Construir | Lumber Camp |
| 9:13 | Construir | House |
| 10:19 | Construir | Farm |
| 10:20 | Construir | Farm |
| 10:33 | Construir | Farm |
| 11:08 | Construir | Farm |
| 11:17 | Construir | House |
| 12:04 | Construir | Mining Camp |
| 12:32 | Construir | Farm |
| 12:55 | Investigar | Tech None |
| 12:57 | Construir | House |
| 13:21 | Construir | Barracks |
| 15:08 | Construir | Archery Range |
| 15:08 | Construir | Palisade Wall |
| 15:08 | Construir | Farm |
| 15:08 | Construir | Blacksmith |
| 15:08 | Construir | Palisade Wall |
| 15:45 | Construir | Farm |
| 15:54 | Construir | Farm |
| 16:06 | Construir | Archery Range |
| 16:08 | Construir | House |
| 16:14 | Construir | House |
| 16:26 | Construir | Farm |
| 17:49 | Construir | Watch Tower |
| 18:18 | Construir | Watch Tower |
| 18:29 | Construir | Farm |
| 18:43 | Construir | Farm |
| 19:03 | Investigar | Tech None |
| 19:04 | Construir | Mining Camp |
| 19:42 | Construir | Stone Wall |
| 19:42 | Construir | Gate |
| 19:42 | Construir | Stone Wall |
| 19:42 | Construir | Stone Wall |
| 19:42 | Construir | Stone Wall |
| 19:42 | Construir | Stone Wall |
| 19:42 | Construir | Stone Wall |
| 19:42 | Construir | Stone Wall |
| 19:44 | Investigar | Tech None |
| 20:24 | Investigar | Tech None |
| 20:59 | Investigar | Tech None |
| 21:23 | Construir | Stable |
| 21:45 | Construir | Siege Workshop |
| 22:16 | Construir | Lumber Camp |
| 23:36 | Crear | Skirmisher |
Build order —
Primeras 150 de 346 acciones detectadas
| 0:03 | Construir | Town Center |
| 2:07 | Construir | House |
| 2:33 | Investigar | Tech None |
| 4:39 | Construir | House |
| 6:02 | Construir | Lumber Camp |
| 6:04 | Construir | Mill |
| 6:45 | Construir | House |
| 8:17 | Construir | Lumber Camp |
| 8:48 | Construir | Farm |
| 8:59 | Construir | House |
| 10:25 | Construir | Mining Camp |
| 10:33 | Investigar | Tech None |
| 10:37 | Construir | House |
| 11:31 | Construir | Barracks |
| 12:25 | Crear | Militia |
| 12:47 | Construir | Farm |
| 12:48 | Investigar | Tech None |
| 12:50 | Construir | Archery Range |
| 13:11 | Investigar | Tech None |
| 13:18 | Construir | House |
| 13:43 | Investigar | Tech None |
| 13:43 | Construir | Farm |
| 13:43 | Construir | Farm |
| 14:05 | Construir | Farm |
| 14:22 | Construir | Blacksmith |
| 14:27 | Crear | Archer |
| 14:54 | Construir | Farm |
| 14:55 | Construir | Farm |
| 14:55 | Construir | Farm |
| 15:05 | Construir | House |
| 15:08 | Construir | Farm |
| 15:10 | Construir | Farm |
| 15:23 | Construir | Farm |
| 15:43 | Construir | House |
| 16:00 | Construir | Archery Range |
| 16:07 | Construir | House |
| 16:17 | Construir | Farm |
| 16:23 | Construir | Farm |
| 16:29 | Construir | Farm |
| 16:39 | Crear | Archer |
| 16:48 | Construir | House |
| 17:02 | Investigar | Tech None |
| 17:03 | Construir | Farm |
| 17:04 | Crear | Archer |
| 17:18 | Construir | House |
| 17:37 | Crear | Spearman |
| 17:47 | Construir | Lumber Camp |
| 17:50 | Construir | House |
| 18:08 | Crear | Archer |
| 18:11 | Crear | Archer |
| 18:18 | Construir | Farm |
| 18:24 | Construir | House |
| 18:38 | Crear | Spearman |
| 18:39 | Crear | Archer |
| 18:41 | Investigar | Tech None |
| 18:43 | Construir | Farm |
| 18:48 | Construir | Farm |
| 18:54 | Construir | Farm |
| 19:02 | Construir | House |
| 19:04 | Crear | Spearman |
| 19:10 | Crear | Archer |
| 19:26 | Crear | Archer |
| 19:34 | Investigar | Tech None |
| 19:36 | Construir | House |
| 19:46 | Crear | Archer |
| 20:15 | Investigar | Tech None |
| 20:25 | Crear | Archer |
| 20:43 | Construir | Lumber Camp |
| 20:45 | Crear | Archer |
| 20:47 | Construir | Farm |
| 20:59 | Crear | Archer |
| 21:35 | Construir | Farm |
| 21:35 | Construir | Watch Tower |
| 21:37 | Construir | Farm |
| 22:21 | Construir | Market |
| 22:25 | Investigar | Tech None |
| 22:26 | Construir | Mining Camp |
| 22:27 | Construir | Stone Wall |
| 22:27 | Construir | Gate |
| 22:27 | Construir | Stone Wall |
| 22:27 | Construir | Stone Wall |
| 22:27 | Construir | Stone Wall |
| 22:27 | Construir | Stone Wall |
| 23:01 | Crear | Spearman |
| 23:29 | Investigar | Tech None |
| 23:49 | Construir | Archery Range |
| 23:55 | Crear | Archer |
| 24:04 | Crear | Skirmisher |
| 24:09 | Investigar | Tech None |
| 24:36 | Construir | Archery Range |
| 24:36 | Construir | House |
| 24:37 | Construir | House |
| 25:07 | Investigar | Tech None |
| 25:07 | Investigar | Tech None |
| 25:07 | Construir | Town Center |
| 25:21 | Construir | House |
| 25:34 | Construir | House |
| 25:46 | Construir | Siege Workshop |
| 25:51 | Investigar | Tech None |
| 26:03 | Construir | Lumber Camp |
| 26:42 | Construir | Town Center |
| 27:03 | Construir | Monastery |
| 27:23 | Crear | Battering Ram |
| 27:28 | Investigar | Tech None |
| 27:37 | Construir | Stable |
| 27:52 | Construir | Mining Camp |
| 28:03 | Crear | Monk |
| 28:05 | Investigar | Tech None |
| 28:26 | Construir | Farm |
| 28:28 | Construir | Farm |
| 28:29 | Construir | Farm |
| 28:30 | Construir | Farm |
| 28:32 | Construir | Farm |
| 28:33 | Construir | Farm |
| 28:36 | Construir | Farm |
| 28:38 | Construir | Farm |
| 28:41 | Construir | Farm |
| 28:49 | Construir | Farm |
| 28:56 | Construir | Farm |
| 29:01 | Construir | Farm |
| 29:02 | Construir | Farm |
| 29:06 | Construir | Farm |
| 29:15 | Investigar | Tech None |
| 29:20 | Construir | Farm |
| 29:26 | Construir | Lumber Camp |
| 29:28 | Construir | Farm |
| 29:51 | Construir | Farm |
| 29:57 | Construir | Barracks |
| 29:59 | Construir | Farm |
| 30:12 | Construir | Farm |
| 30:19 | Construir | House |
| 30:20 | Construir | Farm |
| 30:21 | Construir | House |
| 30:28 | Construir | Farm |
| 30:32 | Crear | Spearman |
| 30:43 | Construir | Mill |
| 30:44 | Construir | Farm |
| 31:07 | Crear | Spearman |
| 31:07 | Crear | Spearman |
| 31:08 | Investigar | Tech None |
| 31:11 | Construir | Farm |
| 31:28 | Construir | House |
| 31:29 | Construir | House |
| 31:29 | Construir | House |
| 31:34 | Construir | Mining Camp |
| 31:47 | Crear | Spearman |
| 31:52 | Construir | Farm |
| 31:53 | Investigar | Tech None |
| 31:54 | Construir | Farm |
| 31:55 | Construir | House |
Build order —
Primeras 150 de 276 acciones detectadas
| 0:03 | Construir | Town Center |
| 2:43 | Construir | House |
| 4:49 | Construir | House |
| 5:55 | Construir | Lumber Camp |
| 5:57 | Construir | Mill |
| 6:53 | Construir | Farm |
| 6:56 | Construir | House |
| 7:37 | Construir | Farm |
| 8:11 | Construir | Farm |
| 8:35 | Investigar | Tech None |
| 9:00 | Construir | House |
| 9:06 | Construir | Farm |
| 9:51 | Construir | Farm |
| 10:33 | Construir | Farm |
| 11:08 | Construir | Farm |
| 11:30 | Construir | House |
| 11:56 | Construir | Farm |
| 12:31 | Construir | Mining Camp |
| 12:43 | Investigar | Tech None |
| 13:07 | Construir | Lumber Camp |
| 14:15 | Construir | Lumber Camp |
| 14:53 | Construir | Lumber Camp |
| 15:07 | Construir | Market |
| 15:45 | Construir | House |
| 16:13 | Construir | Blacksmith |
| 16:32 | Investigar | Tech None |
| 16:58 | Investigar | Tech None |
| 17:01 | Investigar | Tech None |
| 17:02 | Construir | House |
| 17:19 | Construir | Farm |
| 17:28 | Construir | Farm |
| 17:39 | Construir | Farm |
| 17:49 | Construir | Farm |
| 17:55 | Construir | House |
| 18:03 | Construir | Farm |
| 18:13 | Construir | Farm |
| 18:22 | Construir | Farm |
| 18:28 | Construir | House |
| 18:39 | Construir | Farm |
| 18:52 | Construir | House |
| 19:19 | Construir | House |
| 19:21 | Construir | Farm |
| 19:42 | Investigar | Tech None |
| 19:42 | Investigar | Tech None |
| 19:42 | Construir | Town Center |
| 20:01 | Construir | Town Center |
| 20:31 | Investigar | Tech None |
| 20:38 | Investigar | Tech None |
| 20:45 | Investigar | Tech None |
| 21:11 | Construir | Town Center |
| 21:20 | Construir | Farm |
| 21:44 | Construir | Monastery |
| 22:08 | Construir | Farm |
| 22:12 | Construir | Farm |
| 22:36 | Construir | Barracks |
| 23:07 | Construir | Farm |
| 23:10 | Crear | Monk |
| 23:23 | Construir | Lumber Camp |
| 23:26 | Construir | Farm |
| 23:48 | Construir | Archery Range |
| 24:02 | Construir | Farm |
| 24:20 | Construir | Archery Range |
| 24:23 | Construir | Farm |
| 24:33 | Crear | Archer |
| 24:51 | Construir | Lumber Camp |
| 25:01 | Construir | Farm |
| 25:01 | Construir | Farm |
| 25:03 | Crear | Archer |
| 25:14 | Construir | Archery Range |
| 25:27 | Construir | House |
| 25:28 | Construir | House |
| 25:32 | Crear | Archer |
| 25:32 | Crear | Archer |
| 25:34 | Crear | Archer |
| 25:37 | Construir | Farm |
| 25:42 | Construir | Farm |
| 25:54 | Construir | Farm |
| 25:58 | Construir | Farm |
| 26:03 | Crear | Archer |
| 26:07 | Construir | Farm |
| 26:14 | Construir | Farm |
| 26:31 | Crear | Archer |
| 26:33 | Crear | Archer |
| 26:40 | Construir | Stone Wall |
| 26:40 | Construir | House |
| 26:40 | Construir | House |
| 26:41 | Construir | Farm |
| 26:51 | Construir | Siege Workshop |
| 27:04 | Construir | Siege Workshop |
| 27:10 | Construir | House |
| 27:14 | Construir | Farm |
| 27:15 | Construir | House |
| 27:15 | Construir | House |
| 27:25 | Crear | Archer |
| 27:25 | Crear | Archer |
| 27:42 | Crear | Archer |
| 27:45 | Construir | Farm |
| 27:50 | Construir | Mining Camp |
| 27:54 | Investigar | Tech None |
| 28:06 | Construir | Farm |
| 28:13 | Construir | Farm |
| 28:14 | Investigar | Tech None |
| 28:15 | Crear | Archer |
| 28:23 | Crear | Archer |
| 28:28 | Construir | Farm |
| 28:29 | Crear | Archer |
| 28:35 | Construir | Farm |
| 28:41 | Construir | Farm |
| 28:50 | Crear | Archer |
| 28:51 | Construir | Farm |
| 28:52 | Investigar | Tech None |
| 28:56 | Crear | Archer |
| 29:04 | Construir | Farm |
| 29:16 | Construir | Lumber Camp |
| 29:30 | Crear | Monk |
| 29:30 | Crear | Monk |
| 29:46 | Construir | Mining Camp |
| 30:16 | Construir | Town Center |
| 30:28 | Investigar | Tech None |
| 30:35 | Investigar | Tech None |
| 30:50 | Construir | House |
| 30:51 | Construir | House |
| 31:23 | Construir | Farm |
| 31:24 | Construir | Farm |
| 31:24 | Construir | Farm |
| 31:25 | Construir | Farm |
| 31:25 | Construir | Farm |
| 31:26 | Construir | Farm |
| 31:27 | Construir | Farm |
| 31:27 | Investigar | Tech None |
| 31:29 | Construir | Farm |
| 31:36 | Construir | Farm |
| 31:44 | Construir | Castle |
| 31:51 | Construir | Farm |
| 31:54 | Construir | Farm |
| 31:59 | Construir | House |
| 31:59 | Construir | House |
| 32:00 | Construir | House |
| 32:01 | Construir | House |
| 32:06 | Construir | Farm |
| 32:19 | Construir | Farm |
| 32:36 | Construir | Stable |
| 32:52 | Construir | Stable |
| 32:58 | Construir | House |
| 33:02 | Construir | Archery Range |
| 33:11 | Construir | House |
| 33:12 | Construir | House |
| 33:16 | Construir | Lumber Camp |
| 33:25 | Construir | House |
| 33:39 | Construir | Barracks |
Build order —
Primeras 150 de 370 acciones detectadas
| 0:03 | Construir | Town Center |
| 2:21 | Construir | House |
| 4:00 | Construir | Lumber Camp |
| 4:02 | Construir | Mill |
| 4:21 | Construir | House |
| 4:40 | Investigar | Tech None |
| 7:11 | Construir | Lumber Camp |
| 8:02 | Construir | House |
| 8:50 | Construir | Farm |
| 9:19 | Construir | Farm |
| 9:53 | Construir | House |
| 10:28 | Construir | Farm |
| 10:57 | Construir | Farm |
| 11:47 | Construir | Farm |
| 11:55 | Construir | House |
| 12:19 | Construir | Farm |
| 12:49 | Construir | Farm |
| 13:29 | Construir | Farm |
| 13:46 | Construir | Mining Camp |
| 14:05 | Construir | House |
| 14:59 | Investigar | Tech None |
| 15:08 | Construir | Barracks |
| 17:11 | Construir | Stable |
| 17:12 | Construir | Farm |
| 17:13 | Construir | Blacksmith |
| 17:14 | Construir | House |
| 18:09 | Construir | Farm |
| 18:17 | Construir | Farm |
| 18:28 | Construir | Farm |
| 18:41 | Construir | Farm |
| 19:05 | Investigar | Tech None |
| 19:05 | Construir | Lumber Camp |
| 19:47 | Investigar | Tech None |
| 20:33 | Investigar | Tech None |
| 20:56 | Construir | House |
| 20:56 | Construir | Palisade Wall |
| 20:57 | Construir | Palisade Wall |
| 21:09 | Construir | Farm |
| 21:11 | Construir | Farm |
| 21:19 | Construir | Farm |
| 21:23 | Construir | Farm |
| 21:26 | Construir | House |
| 21:31 | Crear | Knight |
| 21:33 | Construir | Town Center |
| 21:35 | Construir | Town Center |
| 21:42 | Construir | Farm |
| 21:59 | Crear | Knight |
| 21:59 | Construir | House |
| 21:59 | Construir | House |
| 22:04 | Construir | Farm |
| 22:14 | Investigar | Tech None |
| 22:19 | Construir | Farm |
| 22:48 | Investigar | Tech None |
| 23:09 | Construir | Stable |
| 23:29 | Construir | Farm |
| 23:39 | Construir | Farm |
| 23:45 | Construir | Farm |
| 24:04 | Construir | Farm |
| 24:26 | Investigar | Tech None |
| 24:37 | Construir | Farm |
| 24:52 | Construir | Farm |
| 25:01 | Construir | Farm |
| 25:16 | Construir | Farm |
| 25:19 | Construir | Farm |
| 25:25 | Construir | Farm |
| 25:36 | Construir | Farm |
| 25:47 | Construir | Farm |
| 25:56 | Construir | Farm |
| 26:09 | Construir | Farm |
| 26:18 | Construir | House |
| 26:19 | Construir | House |
| 26:27 | Construir | Farm |
| 26:53 | Construir | Monastery |
| 27:18 | Construir | Stable |
| 27:19 | Construir | Market |
| 27:29 | Construir | House |
| 27:30 | Construir | House |
| 27:40 | Crear | Monk |
| 27:44 | Construir | Market |
| 28:12 | Construir | House |
| 28:23 | Construir | Lumber Camp |
| 28:27 | Investigar | Tech None |
| 28:28 | Construir | House |
| 29:11 | Construir | Stable |
| 29:17 | Construir | Siege Workshop |
| 29:17 | Investigar | Tech None |
| 29:34 | Construir | Mining Camp |
| 29:36 | Construir | Farm |
| 29:44 | Construir | Farm |
| 29:47 | Construir | Farm |
| 29:50 | Construir | Farm |
| 29:56 | Investigar | Tech None |
| 30:00 | Construir | House |
| 30:02 | Construir | House |
| 30:07 | Construir | Farm |
| 30:10 | Construir | Farm |
| 30:19 | Construir | Farm |
| 30:22 | Construir | Farm |
| 30:24 | Construir | Farm |
| 30:32 | Construir | House |
| 30:38 | Investigar | Tech None |
| 30:43 | Construir | Farm |
| 30:45 | Investigar | Tech None |
| 30:51 | Construir | Farm |
| 30:58 | Construir | Farm |
| 31:03 | Construir | Mill |
| 31:19 | Construir | Farm |
| 31:24 | Construir | Farm |
| 31:30 | Construir | Farm |
| 31:30 | Construir | Farm |
| 31:37 | Construir | Farm |
| 31:37 | Construir | Farm |
| 31:47 | Crear | Spearman |
| 31:48 | Crear | Spearman |
| 32:08 | Construir | House |
| 32:08 | Construir | House |
| 32:12 | Construir | Mill |
| 32:16 | Crear | Scout Cavalry |
| 32:16 | Construir | House |
| 32:17 | Crear | Scout Cavalry |
| 32:17 | Construir | House |
| 32:18 | Investigar | Tech None |
| 32:19 | Investigar | Tech None |
| 32:19 | Crear | Scout Cavalry |
| 32:20 | Crear | Scout Cavalry |
| 32:20 | Investigar | Tech None |
| 32:22 | Investigar | Tech None |
| 32:25 | Construir | Farm |
| 32:29 | Investigar | Tech None |
| 32:36 | Construir | Lumber Camp |
| 32:43 | Construir | Lumber Camp |
| 32:48 | Construir | Farm |
| 32:49 | Investigar | Tech None |
| 33:12 | Investigar | Tech None |
| 33:30 | Investigar | Tech None |
| 33:33 | Construir | Lumber Camp |
| 33:33 | Construir | Farm |
| 34:20 | Crear | Monk |
| 34:20 | Crear | Monk |
| 34:24 | Construir | House |
| 34:31 | Construir | Barracks |
| 34:32 | Construir | Archery Range |
| 34:32 | Construir | Town Center |
| 34:33 | Construir | Town Center |
| 34:33 | Construir | Town Center |
| 34:33 | Construir | Town Center |
| 34:34 | Construir | Town Center |
| 34:34 | Construir | Town Center |
| 34:35 | Construir | Town Center |
| 34:35 | Construir | Town Center |
Cronología de la partida
| 11:31 | · first_building Barracks |
| 12:50 | · first_building Archery Range |
| 13:00 | [VN] CopyPuxxyCat · first_building Barracks |
| 13:21 | · first_building Barracks |
| 13:55 | Nicolas · age_up feudal |
| 14:56 | [VN] CopyPuxxyCat · age_up feudal |
| 15:08 | · first_building Barracks |
| 15:08 | · first_building Archery Range |
| 15:21 | xxxx · age_up feudal |
| 15:31 | [VN] CopyPuxxyCat · first_building Archery Range |
| 15:51 | Windy · age_up feudal |
| 16:55 | Windy · first_market_sell 100 wood |
| 16:56 | Windy · first_market_buy 100 food |
| 17:11 | · first_building Stable |
| 18:21 | Windy · wall_segment Palisade Wall x1 |
| 19:01 | xxxx · age_up castle |
| 19:28 | · first_market_buy 100 stone |
| 19:37 | Nicolas · age_up castle |
| 19:51 | xxxx · first_market_buy 100 stone |
| 19:57 | Windy · age_up castle |
| 20:09 | Windy · first_building Castle |
| 21:23 | · first_building Stable |
| 21:44 | · first_building Monastery |
| 21:45 | · first_building Siege Workshop |
| 22:16 | Nicolas · first_building Barracks |
| 22:36 | · first_building Barracks |
| 22:37 | xxxx · first_building Castle |
| 23:23 | Nicolas · first_building Archery Range |
| 23:48 | · first_building Archery Range |
| 24:56 | Nicolas · first_building Castle |
| 25:23 | Windy · first_building Barracks |
| 25:46 | · first_building Siege Workshop |
| 25:59 | xxxx · first_building Monastery |
| 26:44 | Windy · first_building Stable |
| 26:51 | · first_building Siege Workshop |
| 26:53 | · first_building Monastery |
| 27:03 | · first_building Monastery |
| 27:37 | · first_building Stable |
| 28:12 | [VN] CopyPuxxyCat · age_up castle |
| 29:17 | · first_building Siege Workshop |
| 29:31 | [VN] CopyPuxxyCat · first_building Monastery |
| 30:12 | Nicolas · first_building Siege Workshop |
| 30:37 | · first_market_sell 100 wood |
| 30:51 | · first_market_buy 100 stone |
| 31:00 | Nicolas · first_building Stable |
| 31:32 | Nicolas · first_building Monastery |
| 31:44 | · first_building Castle |
| 32:04 | · first_market_sell 100 wood |
| 32:36 | · first_building Stable |
| 33:09 | · first_market_sell 100 wood |
| 33:51 | · first_market_buy 100 food |
| 34:32 | · first_building Archery Range |
| 34:33 | Windy · age_up imperial |
| 35:22 | Nicolas · first_market_sell 500 wood |
| 36:41 | Nicolas · age_up imperial |
| 39:13 | · resign |
| 39:48 | [VN] CopyPuxxyCat · age_up imperial |
| 40:15 | · first_building Castle |
| 40:37 | [VN] CopyPuxxyCat · first_building Siege Workshop |
| 41:54 | xxxx · age_up imperial |
| 45:13 | xxxx · first_building Barracks |
[ ANÁLISIS IA · 1 CRÉDITO ]
¿Qué pasó realmente en esta partida?
Wolo.gg analiza cada decisión: build order, eco, micro, errores típicos por bracket. Análisis personalizado por WhatsApp o Discord en 30 segundos.
Guía civ
Españoles
Perfil
Jugador #218952